 Dungeon Crawl Stone Soup version 0.23.2 (webtiles) character file.

Game seed: 9495827945188259421

14016 dvd the Thaumaturge (level 12, -1/72 HPs)
             Began as an Octopode Fire Elementalist on Apr 11, 2019.
             Was an Elder of Vehumet.
             Slain by a freezing wraith (7 damage)
             ... in an ice cave.
             The game lasted 00:51:42 (16922 turns).

dvd the Thaumaturge (Octopode Fire Elementalist)   Turns: 16922, Time: 00:51:43

Health: -1/72      AC:  4    Str:  8    XL:     12   Next: 12%
Magic:  10/24      EV: 15    Int: 22    God:    Vehumet [****..]
Gold:   596        SH: 11    Dex: 10    Spells: 4/28 levels left

rFire    + . .     SeeInvis +   G - +5 dagger of Boum Yza {pierce, *Contam +Inv rC+}
rCold    + . .     Gourm    .   q - +0 buckler
rNeg     . . .     Faith    .   (helmet restricted)
rPois    .         Spirit   .   n - +6 amulet of reflection
rElec    .         Reflect  +   (no ring)
rCorr    +         Harm     .   f - ring of see invisible
MR       +....                  E - +3 ring of protection
Stlth    ++++......             N - ring of flight
HPRegen  0.22/turn              O - ring of resist corrosion
MPRegen  0.19/turn              (no ring)
                                (no ring)
                                (no ring)

@: no status effects
A: almost no armour, stealthy swim, amphibious, 8 rings, constrict 8, camouflage
1, clumsy 1, fire resistance 1, magic resistance 1, gelatinous body 1
a: Renounce Religion, Evoke Invisibility, Evoke Flight


You were in an ice cave.
You worshipped Vehumet.
Vehumet was greatly pleased with you.
You were very hungry.

You visited 3 branches of the dungeon, and saw 13 of its levels.
You also visited: Ice Cave.

You collected 596 gold pieces.

Inventory:

Hand Weapons
 k - a +0 hand axe of draining
 r - a +0 flail of draining
 v - a +0 morningstar
 z - a +0 flail of crushing
 F - a cursed -1 dagger
 G - the +5 dagger of Boum Yza (weapon) {pierce, *Contam +Inv rC+}
   (You took it off an orc on level 3 of the Dungeon)

   It inflicts extra damage upon your enemies.
   It protects you from cold.
   It lets you turn invisible.
   It causes magical contamination when unequipped.
 H - a +1 flail of protection
 I - a +0 war axe of draining
 K - a +1 dagger of venom
 Q - a cursed -3 rapier
Armour
 j - a +0 large shield
 q - a +0 buckler (worn)
Jewellery
 f - a ring of see invisible (right tentacle)
 n - a +6 amulet of reflection (around mantle)
 p - an uncursed amulet of the acrobat
 u - an uncursed ring of fire
 E - a +3 ring of protection (on tentacle)
 N - a ring of flight (on tentacle)
 O - a ring of resist corrosion (on tentacle)
Wands
 i - a wand of iceblast (27)
 w - a wand of digging (7)
 x - a wand of polymorph (10)
 y - a wand of flame (11)
 B - a wand of acid (8)
 D - a wand of clouds (6)
 L - a wand of disintegration (17)
 P - a wand of random effects (23)
Scrolls
 a - 7 scrolls of identify
 d - 2 scrolls of teleportation
 e - 2 scrolls of enchant weapon
 g - 3 scrolls of blinking
 m - a scroll of immolation
 o - 10 scrolls of remove curse
 s - a scroll of amnesia
 A - 2 scrolls of fear
 J - a scroll of vulnerability {unknown}
Potions
 c - 5 potions of lignification
 h - 2 potions of cancellation
 l - 2 potions of might {unknown}
 t - 3 potions of curing
 C - a potion of heal wounds
 M - 2 potions of brilliance
Comestibles
 b - 23 rations


   Skills:
 + Level 3.1 Fighting
 + Level 3.9 Short Blades
 + Level 4.3 Maces & Flails
 + Level 5.8 Dodging
 + Level 7.9 Stealth
 * Level 6.5 Shields
 + Level 0.2 Unarmed Combat
 + Level 8.9 Spellcasting
 + Level 7.8 Conjurations
 + Level 1.9 Hexes
 + Level 8.4 Fire Magic
   Level 1.2 Ice Magic
 * Level 2.5 Poison Magic


You had 4 spell levels left.
You knew the following spells:

 Your Spells              Type           Power        Failure   Level  Hunger
a - Flame Tongue          Conj/Fire      #####        1%          1    None
b - Throw Flame           Conj/Fire      #####.       1%          2    None
c - Dazzling Spray        Conj/Hex       ####..       1%          3    None
d - Sticky Flame          Conj/Fire      #####...     1%          4    ##.....
e - Fireball              Conj/Fire      #####.....   1%          5    #####..
f - Confuse               Hex            ###.....     10%         3    None
g - Ignite Poison         Fire/Tmut/Pois ####....     1%          3    None
h - Stone Arrow           Conj/Erth      ####..       1%          3    None

Your spell library contained the following spells:

 Spells                   Type           Power        Failure   Level  Hunger
 Mephitic Cloud           Conj/Pois/Air  ####....     1%          3    None
 Freeze                   Ice            ###.         1%          1    None
 Throw Frost              Conj/Ice       ####..       1%          2    None
 Conjure Flame            Conj/Fire      #####...     1%          3    None
 Inner Flame              Hex/Fire       ####....     1%          3    None
 Corona                   Hex            ###....      3%          1    None
 Throw Icicle             Conj/Ice       ####....     3%          4    ##.....
 Ensorcelled Hibernation  Hex/Ice        ###...       5%          2    None
 Olgreb's Toxic Radiance  Pois           ###.....     7%          4    ##.....
 Tukima's Dance           Hex            ###.....     10%         3    None
 Ozocubu's Armour         Chrm/Ice       ##......     16%         3    None
 Summon Ice Beast         Ice/Summ       ##......     45%         4    ##.....
 Malign Gateway           Summ/Tloc      #.........   100%        7    #######
 Dragon's Call            Summ           #.........   100%        9    #######


Dungeon Overview and Level Annotations

Branches:
Dungeon (11/15)            Temple (1/1) D:6            Lair (1/6) D:10
    Orc (0/2) D:10

Altars:
Ashenzari
Cheibriados
Dithmenos
Elyvilon
Fedhas
Gozag
Hepliaklqana
Kikubaaqudgha
Makhleb
Nemelex Xobeh
Okawaru
Qazlal
Ru
Sif Muna
Trog
Uskayaw
Vehumet
Wu Jian
Xom
Yredelemnul
Zin
The Shining One
Beogh

Shops:
D:10 *((*


Innate Abilities, Weirdness & Mutations

You cannot wear most types of armour.
You are very stealthy in the water. (Stealth+)
You are amphibious.
You can wear up to eight rings at the same time.
You can use your tentacles to constrict eight enemies at once.
Your skin changes colour to match your surroundings (Stealth+).
Your rubbery body absorbs attacks. (AC +1, EV +1)
You are clumsy. (Dex -2)
Your flesh is heat resistant. (rF+)
You are resistant to hostile enchantments. (MR+)


Message History

The freezing wraith is burned terribly!
The freezing wraith is severely damaged.
You are feeling very hungry.
The freezing wraith hits you!
* * * LOW HITPOINT WARNING * * *
The freezing wraith freezes you. You resist.
* * * LOW HITPOINT WARNING * * *
The freezing wraith misses you.
Casting: Sticky Flame (safe; 1% risk of failure)
Confirm with . or Enter, or press ? or * to list all spells.
Aiming: Sticky Flame (safe; 1% risk of failure)
Press: ? - help, Shift-Dir - straight line, f/p - freezing wraith
Aim: a freezing wraith (severely damaged, covered in acid)
The sticky flame hits the freezing wraith.
The freezing wraith is burned terribly!
The freezing wraith is almost destroyed.
The freezing wraith hits you!
* * * LOW HITPOINT WARNING * * *
The freezing wraith freezes you! You resist.
You die...

##...# ##..# ##..##
#..## ####..####
##.#....#.##
##..........##
#............##
#..@W.........####
##...............##
##........###....##
####...### ###...#
##### ##..# #...#
##..## ##..##
##..###.


You could see a freezing wraith.

Vanquished Creatures
  A centaur warrior (D:8)
  An ugly thing (D:11)
  A black mamba (Lair:1)
  Psyche (D:10)
  2 spiny frogs (Lair:1)
  A troll (D:10)
  A queen bee (D:9)
  A wolf spider simulacrum (IceCv)
  Grinder (D:6)
  Prince Ribbit (D:9)
  3 hippogriffs
  A wraith (D:11)
  8 yaks
  A basilisk (Lair:1)
  A death yak simulacrum (IceCv)
  A hungry ghost (D:8)
  Edmund (D:4)
  An acid dragon (D:10)
  2 water moccasins (Lair:1)
  3 orc warriors (D:10)
  3 sky beasts
  3 black bears
  The ghost of Karim the Skirmisher, an amateur GnWn (D:3)
  16 ice beasts
  2 phantoms (D:6)
  7 ogres
  A crocodile (Lair:1)
  2 centaurs
  3 big kobolds
  Blork the orc (D:5)
  10 bullfrogs
  A wyvern zombie (D:10)
  A scorpion (D:10)
  An elephant simulacrum (IceCv)
  25 killer bees
  5 wights (D:11)
  2 howler monkeys (D:8)
  8 crimson imps
  A bullfrog zombie (D:7)
  3 bullfrog skeletons
  8 orc priests
  A centaur skeleton (D:6)
  5 hounds
  2 jellies (D:10)
  2 gnoll shamans (D:5)
  11 worker ants
  Ijyb (D:5)
  An iguana (D:7)
  6 orc wizards
  A polar bear simulacrum (IceCv)
  A killer bee zombie (D:8)
  A hound zombie (D:6)
  A hound skeleton (D:5)
  43 gnolls
  2 worker ant zombies (D:9)
  13 adders
  5 shadow imps
  6 white imps
  2 adder skeletons
  3 worms
  4 dart slugs
  3 leopard geckos
  46 orcs
  7 giant cockroaches
  5 goblins
  6 hobgoblins
  33 jackals
  16 kobolds
  5 quokkas
  2 ball pythons (D:4)
  10 frilled lizards
  4 goblin skeletons (D:6)
  2 hobgoblin zombies (D:6)
  A kobold skeleton (D:6)
  A leopard gecko zombie (D:8)
  2 orc skeletons (D:6)
  An orc zombie (D:6)
  6 rats
398 creatures vanquished.

Vanquished Creatures (others)
  3 fungi (Lair:1)
3 creatures vanquished.

Grand Total: 401 creatures vanquished

Notes
Turn   | Place    | Note
-------+----------+-------------------------------------------
     0 | D:1      | dvd the Octopode Fire Elementalist began the quest for the
                  | Orb.
     0 | D:1      | Reached XP level 1. HP: 11/11 MP: 3/3
   181 | D:1      | Reached XP level 2. HP: 2/17 MP: 0/5
   566 | D:1      | Learned a level 2 spell: Throw Flame
   861 | D:1      | Reached XP level 3. HP: 21/21 MP: 2/6
  1313 | D:2      | Learned a level 2 spell: Ensorcelled Hibernation
  1800 | D:2      | Reached XP level 4. HP: 27/27 MP: 1/7
  2395 | D:3      | Reached skill level 1 in Shields
  2528 | D:3      | Reached XP level 5. HP: 20/31 MP: 3/9
  2657 | D:3      | Noticed Karim's ghost (amateur GnWn)
  2759 | D:3      | Noticed an ogre
  2933 | D:3      | Found a runed translucent gate.
  2935 | D:3      | Found a runed translucent gate.
  2936 | D:3      | Found a runed translucent gate.
  2936 | D:3      | Identified the +5 dagger of Boum Yza {pierce, *Contam +Inv
                  | rC+}
  2996 | D:3      | Found a roughly hewn altar of Beogh.
  3184 | D:4      | Noticed Edmund
  3252 | D:3      | Learned a level 4 spell: Sticky Flame
  3398 | D:4      | Noticed an ogre
  3409 | D:4      | HP: 1/46 [poisoned by a worker ant]
  3414 | D:4      | Gained mutation: You are clumsy. (Dex -2) [potion of
                  | mutation]
  3414 | D:4      | Gained mutation: You are resistant to hostile enchantments.
                  | (MR+) [potion of mutation]
  3414 | D:4      | Gained mutation: Your flesh is heat resistant. (rF+)
                  | [potion of mutation]
  3435 | D:4      | Killed an ogre
  3435 | D:4      | Reached XP level 6. HP: 35/37 MP: 3/10
  3648 | D:4      | Found a snail-covered altar of Cheibriados.
  3675 | D:4      | Killed Edmund
  3789 | D:4      | Reached skill level 1 in Fighting
  3945 | D:4      | Found a deep blue altar of Sif Muna.
  4244 | D:5      | Entered Level 5 of the Dungeon
  4350 | D:5      | Found a burning altar of Makhleb.
  4351 | D:5      | Found a stormy altar of Qazlal.
  4353 | D:5      | Found a glowing silver altar of Zin.
  4384 | D:5      | Reached XP level 7. HP: 24/43 MP: 7/12
  4824 | D:5      | Reached skill level 1 in Maces & Flails
  5184 | D:5      | Reached skill level 5 in Stealth
  5768 | D:5      | Reached XP level 8. HP: 48/48 MP: 1/13
  6026 | D:5      | Learned a level 5 spell: Fireball
  6286 | D:5      | Noticed Ijyb
  6292 | D:5      | Killed Ijyb
  6467 | D:5      | Found a shadowy altar of Dithmenos.
  6472 | D:5      | Found a hide-covered altar of Uskayaw.
  6477 | D:5      | Found a bloodstained altar of Trog.
  6554 | D:5      | Reached skill level 1 in Ice Magic
  6885 | D:5      | Noticed a deep elf archer
  6905 | D:5      | Noticed Blork the orc
  6911 | D:5      | Killed Blork the orc
  7177 | D:6      | Noticed Grinder
  7177 | D:6      | Noticed a hippogriff
  7244 | D:5      | Reached skill level 5 in Fire Magic
  7651 | D:6      | Found a glowing golden altar of the Shining One.
  7785 | D:6      | Reached XP level 9. HP: 41/54 MP: 10/15
  7889 | D:6      | Learned a level 3 spell: Confuse
  8409 | D:6      | Reached skill level 5 in Spellcasting
  8864 | D:6      | Found a staircase to the Ecumenical Temple.
  8882 | Temple   | Entered the Ecumenical Temple
  8914 | Temple   | Became a worshipper of Vehumet
  9105 | D:6      | Killed Grinder
  9541 | D:3      | Killed Karim's ghost
  9541 | D:3      | Reached skill level 5 in Conjurations
  9871 | D:7      | Reached * piety under Vehumet
  9871 | D:7      | Offered knowledge of Sting by Vehumet.
 10375 | D:8      | Reached skill level 1 in Hexes
 10391 | D:8      | Reached skill level 1 in Short Blades
 10391 | D:8      | Reached XP level 10. HP: 56/61 MP: 14/19
 10420 | D:8      | Found a sacrificial altar of Ru.
 10512 | D:8      | Learned a level 3 spell: Dazzling Spray
 10593 | D:8      | Found a sparkling altar of Nemelex Xobeh.
 11221 | D:8      | Found a blossoming altar of Fedhas.
 11315 | D:8      | Reached skill level 5 in Dodging
 11427 | D:8      | Offered knowledge of Searing Ray by Vehumet.
 11433 | D:8      | Reached skill level 5 in Shields
 11437 | D:8      | Reached ** piety under Vehumet
 11566 | D:8      | Found an iron altar of Okawaru.
 11604 | D:8      | Noticed a centaur warrior
 11617 | D:8      | Killed a centaur warrior
 11805 | D:8      | Identified the Volume of Creative Venom
 11852 | D:8      | Learned a level 3 spell: Ozocubu's Armour
 12127 | D:9      | Noticed Prince Ribbit
 12133 | D:9      | Killed Prince Ribbit
 12889 | D:9      | Offered knowledge of Stone Arrow by Vehumet.
 12913 | D:9      | Reached XP level 11. HP: 40/66 MP: 7/21
 13337 | D:10     | Entered Level 10 of the Dungeon
 13397 | D:10     | Reached *** piety under Vehumet
 13577 | D:10     | Learned a level 3 spell: Stone Arrow
 13655 | D:10     | Noticed Psyche
 13661 | D:10     | Killed Psyche
 13696 | D:10     | Found Maiz's General Store.
 13697 | D:10     | Found Xusum's Antique Weapon Shop.
 13710 | D:10     | Found a staircase to the Lair.
 13856 | D:10     | Found Kuushih's Antique Weapon Shoppe.
 13994 | D:10     | Offered knowledge of Ignite Poison by Vehumet.
 14063 | D:10     | Found a staircase to the Orcish Mines.
 14563 | D:10     | Found Yfeid's General Store.
 15516 | D:11     | Reached **** piety under Vehumet
 15715 | D:11     | Noticed a green ugly thing
 15768 | D:11     | Killed a brown ugly thing
 15936 | D:11     | Learned a level 3 spell: Ignite Poison
 15988 | Lair:1   | Entered Level 1 of the Lair of Beasts
 16008 | Lair:1   | Offered knowledge of Mephitic Cloud by Vehumet.
 16072 | Lair:1   | Reached skill level 1 in Poison Magic
 16142 | Lair:1   | Found a frozen archway.
 16311 | Lair:1   | Reached XP level 12. HP: 55/72 MP: 2/24
 16454 | IceCv    | Entered an ice cave
 16922 | IceCv    | Slain by a freezing wraith

Skill      XL: |  1  2  3  4  5  6  7  8  9 10 11 |
---------------+----------------------------------+-----
Stealth        | 3 4 5 6 7 |  7.9
Shields        | 1 2 3 4 5 6 |  6.5
Conjurations   | 2 3 5 6 7 |  7.8
Spellcasting   | 3 4 6 7 8 |  8.9
Fire Magic     | 4 5 6 7 8 |  8.4
Fighting       | 1 2 3 |  3.1
Dodging        | 3 4 5 |  5.8
Maces & Flails | 2 3 4 |  4.3
Ice Magic      | 1 |  1.2
Hexes          | 1 |  1.9
Short Blades   | 1 2 3 |  3.9
Poison Magic   | 2 |  2.5
Unarmed Combat | |  0.2

Action                   |  1- 3 |  4- 6 |  7- 9 | 10-12 || total
-------------------------+-------+-------+-------+-------++-------
Melee: Unarmed           |     9 |       |       |       ||     9
       Constrict         |    10 |    19 |    45 |    29 ||   103
       Tentacles         |     3 |     8 |    23 |    29 ||    63
       Short sword       |    19 |    45 |       |       ||    64
       Dagger            |       |    11 |    49 |   189 ||   249
       Morningstar       |       |     8 |       |       ||     8
       Flail             |       |    14 |   125 |       ||   139
 Cast: Flame Tongue      |    39 |    56 |   181 |   143 ||   419
       Throw Flame       |     4 |     9 |    64 |    41 ||   118
       Ensorcelled Hiber |     3 |     7 |     4 |       ||    14
       Sticky Flame      |       |     2 |    22 |    84 ||   108
       Confuse           |       |       |     4 |     4 ||     8
       Fireball          |       |       |     1 |    11 ||    12
       Ozocubu's Armour  |       |       |       |     1 ||     1
       Stone Arrow       |       |       |       |     1 ||     1
       Dazzling Spray    |       |       |       |     1 ||     1
Evoke: Wand              |       |       |       |     1 ||     1
  Use: Potion            |       |     8 |     1 |     2 ||    11
       Scroll            |       |       |    10 |     4 ||    14
 Stab: Sleeping          |     3 |    14 |    13 |    16 ||    46
       Distracted        |       |     1 |       |       ||     1
       Confused          |       |       |     1 |       ||     1
  Eat: Chunk             |     3 |    10 |    24 |    27 ||    64
       Ration            |       |       |       |     2 ||     2
Armor: Skin              |     4 |    15 |    10 |    22 ||    51
Dodge: Dodged            |    34 |    54 |   114 |   122 ||   324
Block: Other             |     8 |    17 |    12 |       ||    37
       Buckler           |       |    26 |   105 |   103 ||   234
       Reflection        |       |       |     2 |     2 ||     4
       Large shield      |       |       |       |    55 ||    55
